General information
- name: BNet
- type: Ladder team game (AT/RT)
- host: Battle.net
- saver: butter15
map: RiceFields
- players: 6
- length: 55:47
- speed: Fast
- version: 1.26 W3XP
- replay type:

» download(464 KB)
Players
team 1 (loser)

»
Fette_Nuss[ToD] (
teal | 76 APM | 4245 actions | 55:46)
5 Beastmaster
2 Summon Bear
3 Summon Hawk
1 Paladin
1 Divine Shield
» actions
| Assign group hotkey | 233 | |
| Basic commands | 44 | |
| Build / train | 86 | |
| ESC pressed | 5 | |
| Enter build submenu | 43 | |
| Enter hero's abilities submenu | 6 | |
| Give item / drop item | 2 | |
| Right click | 2120 | |
| Select / deselect | 1003 | |
| Select group hotkey | 422 | |
| Use ability | 281 | |
4245 total
» units
| Wisp | 35 | |
| Huntress | 8 | |
| Hippogryph | 4 | |
| Druid of the Talon | 4 | |
| Glaive Thrower | 1 | |
| Chimaera | 7 | |
| Spell Breaker | 4 | |
| Siege Engine | 1 | |
64 total
» upgrades
| Upgrade Moon Glaive | 1 | |
| Vorpal Blades | 1 | |
| Corrosive Breath | 1 | |
3 total
» buildings
| Moon Well | 7 | |
| Altar of Elders | 4 | |
| Hunter's Hall | 1 | |
| Ancient of War | 2 | |
| Tree of Ages | 1 | |
| Tree of Eternity | 1 | |
| Ancient of Wind | 2 | |
| Ancient Protector | 14 | |
| Tree of Life | 1 | |
| Chimaera Roost | 3 | |
36 total
» build order
00:17 Moon Well
00:29 Altar of Elders
00:40 Altar of Elders
01:20 Hunter's Hall
01:42 Ancient of War
02:00 Moon Well
02:26 Ancient of War
03:27 Tree of Ages
04:39 Moon Well
05:28 Moon Well
05:57 Tree of Eternity
07:25 Ancient of Wind
08:06 Ancient of Wind
08:53 Ancient Protector
10:00 Moon Well
10:48 Ancient Protector
10:53 Ancient Protector
10:57 Ancient Protector
11:10 Tree of Life
12:12 Ancient Protector
12:14 Ancient Protector
12:15 Ancient Protector
13:17 Ancient Protector
13:58 Ancient Protector
16:57 Chimaera Roost
16:59 Chimaera Roost
17:14 Ancient Protector
17:31 Ancient Protector
18:05 Chimaera Roost
18:09 Moon Well
19:34 Altar of Elders
19:49 Ancient Protector
23:28 Ancient Protector
23:29 Ancient Protector
37:51 Altar of Elders
42:22 Moon Well
» items
| Healing Salve | 1 | |
| Lesser Clarity Potion | 1 | |
| Scroll of Speed | 3 | |
| Book of the Dead | 1 | |
| Claws of Attack +6 | 1 | |
| Scroll of Town Portal | 1 | |
| Orb of Lightning | 1 | |
| Tiny Great Hall | 1 | |
10 total

»
Ganz.ehrlich- (
pink | 96 APM | 4499 actions | 46:48)
5 Archmage
3 Blizzard
2 Brilliance Aura
5 Blood Mage
3 Flame Strike
2 Siphon Mana
4 Paladin
2 Holy Light
2 Divine Shield
» actions
| Assign group hotkey | 85 | |
| Basic commands | 129 | |
| Build / train | 163 | |
| Enter build submenu | 33 | |
| Enter hero's abilities submenu | 13 | |
| Give item / drop item | 1 | |
| Remove unit from queue | 2 | |
| Right click | 1901 | |
| Select / deselect | 1095 | |
| Select group hotkey | 867 | |
| Use ability | 210 | |
4499 total
» units
| Peasant | 18 | |
| Rifleman | 9 | |
| Sorceress | 5 | |
| Mortar Team | 15 | |
| Priest | 3 | |
| Dragonhawk Rider | 11 | |
| Spell Breaker | 2 | |
| Flying Machine | 2 | |
| Siege Engine | 3 | |
68 total
» upgrades
| Lumber Harvesting | 2 | |
| Fragmentation Shards | 1 | |
| Masonry | 2 | |
| Gunpowder | 2 | |
| Priest Training | 2 | |
| Sorceress Training | 2 | |
| Cloud | 1 | |
| Magic Sentry | 1 | |
| Plating | 3 | |
| Long Rifles | 1 | |
| Barrage | 1 | |
18 total
» buildings
| Lumber Mill | 1 | |
| Altar of Kings | 1 | |
| Farm | 11 | |
| Scout Tower | 7 | |
| Arcane Tower | 6 | |
| Blacksmith | 1 | |
| Barracks | 1 | |
| Guard Tower | 15 | |
| Keep | 1 | |
| Town Hall | 2 | |
| Arcane Sanctum | 1 | |
| Workshop | 1 | |
| Castle | 1 | |
| Arcane Vault | 1 | |
| Gryphon Aviary | 2 | |
| Cannon Tower | 1 | |
53 total
» build order
00:20 Lumber Mill
00:21 Altar of Kings
00:35 Farm
01:15 Farm
01:27 Scout Tower
01:53 Arcane Tower
02:01 Farm
02:05 Blacksmith
02:14 Farm
02:36 Scout Tower
02:47 Barracks
03:04 Guard Tower
03:34 Farm
03:48 Keep
05:50 Town Hall
05:57 Scout Tower
06:25 Arcane Tower
07:11 Arcane Sanctum
07:37 Workshop
08:06 Castle
09:28 Farm
09:29 Farm
09:30 Farm
09:52 Scout Tower
09:55 Scout Tower
10:19 Guard Tower
10:19 Guard Tower
10:22 Guard Tower
10:22 Guard Tower
12:04 Scout Tower
12:05 Scout Tower
13:00 Guard Tower
13:47 Farm
14:37 Arcane Vault
19:09 Gryphon Aviary
19:14 Gryphon Aviary
20:38 Farm
20:40 Farm
21:15 Guard Tower
21:16 Guard Tower
21:17 Guard Tower
29:04 Town Hall
39:38 Cannon Tower
39:39 Arcane Tower
39:41 Arcane Tower
43:10 Arcane Tower
43:26 Arcane Tower
43:32 Guard Tower
43:48 Guard Tower
» items
| Scroll of Regeneration | 5 | |
| Lesser Clarity Potion | 5 | |
| Scroll of Town Portal | 2 | |
| Potion of Healing | 4 | |
| Orb of Fire | 1 | |
| Ivory Tower | 16 | |
33 total

»
Style (
green | 66 APM | 3667 actions | 55:42)
7 Blademaster
3 Wind Walk
3 Critical Strike
1 Bladestorm
1 Shadow Hunter
1 Healing Wave
» actions
| Assign group hotkey | 65 | |
| Basic commands | 6 | |
| Build / train | 130 | |
| ESC pressed | 2 | |
| Enter build submenu | 55 | |
| Enter hero's abilities submenu | 9 | |
| Give item / drop item | 1 | |
| Remove unit from queue | 1 | |
| Right click | 1483 | |
| Select / deselect | 1114 | |
| Select group hotkey | 613 | |
| Use ability | 188 | |
3667 total
» units
| Peon | 18 | |
| Grunt | 4 | |
| Shaman | 24 | |
| Tauren | 35 | |
| Troll Batrider | 18 | |
| Kodo Beast | 1 | |
100 total
» upgrades
| Spiked Barricades | 2 | |
| Shaman Training | 2 | |
| Armor | 3 | |
| Reinforced Defenses | 1 | |
| Pulverize | 1 | |
| Melee Weapons | 1 | |
10 total
» buildings
| Altar of Storms | 2 | |
| Orc Burrow | 7 | |
| Voodoo Lounge | 1 | |
| Barracks | 1 | |
| Stronghold | 2 | |
| War Mill | 1 | |
| Fortress | 1 | |
| Spirit Lodge | 1 | |
| Tauren Totem | 2 | |
| Beastiary | 1 | |
| Watch Tower | 24 | |
| Great Hall | 3 | |
46 total
» build order
00:06 Altar of Storms
00:07 Orc Burrow
00:13 Altar of Storms
00:25 Voodoo Lounge
01:35 Barracks
02:03 Orc Burrow
03:16 Stronghold
03:45 Orc Burrow
04:41 War Mill
04:43 Orc Burrow
05:45 Fortress
05:48 Orc Burrow
05:58 Spirit Lodge
06:54 Orc Burrow
08:18 Tauren Totem
08:56 Beastiary
11:05 Orc Burrow
12:05 Tauren Totem
14:20 Watch Tower
18:22 Great Hall
21:07 Great Hall
21:44 Watch Tower
21:49 Watch Tower
22:00 Watch Tower
22:01 Watch Tower
22:08 Watch Tower
23:25 Watch Tower
23:25 Watch Tower
24:02 Great Hall
24:45 Watch Tower
24:47 Watch Tower
24:49 Watch Tower
25:26 Watch Tower
25:28 Watch Tower
25:48 Watch Tower
25:52 Watch Tower
25:58 Watch Tower
26:33 Watch Tower
26:43 Watch Tower
26:49 Watch Tower
26:54 Watch Tower
27:17 Watch Tower
45:21 Watch Tower
45:22 Watch Tower
45:24 Watch Tower
» items
| Healing Salve | 1 | |
| Lesser Clarity Potion | 2 | |
| Scroll of Speed | 2 | |
5 total
team 2 (winner)
Birdeneering (
purple | 140 APM | 7814 actions | 55:47)
7 Mountain King
3 Storm Bolt
3 Bash
1 Avatar
5 Paladin
3 Holy Light
2 Divine Shield
5 Pandaren Brewmaster
3 Breath of Fire
2 Drunken Haze
» actions
| Assign group hotkey | 577 | |
| Basic commands | 19 | |
| Build / train | 132 | |
| Enter build submenu | 75 | |
| Enter hero's abilities submenu | 18 | |
| Give item / drop item | 7 | |
| Right click | 4179 | |
| Select / deselect | 484 | |
| Select group hotkey | 1893 | |
| Use ability | 429 | |
7814 total
» units
» upgrades
| Masonry | 3 | |
| Lumber Harvesting | 2 | |
| Magic Sentry | 1 | |
6 total
» buildings
| Altar of Kings | 1 | |
| Farm | 5 | |
| Lumber Mill | 1 | |
| Scout Tower | 97 | |
| Arcane Tower | 3 | |
| Guard Tower | 48 | |
| Keep | 1 | |
| Arcane Vault | 4 | |
| Arcane Sanctum | 1 | |
| Castle | 1 | |
| Town Hall | 2 | |
164 total
» build order
00:03 Altar of Kings
00:18 Farm
00:36 Lumber Mill
00:48 Farm
01:30 Scout Tower
01:33 Scout Tower
01:57 Scout Tower
02:03 Arcane Tower
02:34 Guard Tower
02:35 Scout Tower
03:44 Guard Tower
03:45 Scout Tower
04:07 Keep
04:13 Guard Tower
04:14 Scout Tower
04:15 Scout Tower
04:50 Arcane Vault
05:21 Guard Tower
05:23 Scout Tower
05:23 Scout Tower
05:40 Farm
06:22 Guard Tower
06:24 Scout Tower
06:25 Scout Tower
06:34 Arcane Sanctum
06:35 Castle
07:27 Guard Tower
07:31 Scout Tower
07:34 Scout Tower
07:34 Scout Tower
08:25 Guard Tower
09:07 Guard Tower
09:07 Guard Tower
09:08 Guard Tower
09:10 Scout Tower
09:11 Scout Tower
09:24 Farm
09:25 Farm
11:03 Guard Tower
11:04 Scout Tower
11:05 Scout Tower
11:57 Scout Tower
12:01 Scout Tower
12:12 Guard Tower
12:14 Scout Tower
12:15 Scout Tower
12:42 Arcane Tower
13:03 Arcane Tower
13:06 Arcane Vault
13:10 Guard Tower
13:13 Scout Tower
13:13 Scout Tower
13:30 Guard Tower
13:45 Guard Tower
14:50 Scout Tower
14:51 Scout Tower
14:52 Scout Tower
14:52 Scout Tower
15:09 Scout Tower
15:10 Scout Tower
15:11 Scout Tower
16:32 Scout Tower
16:50 Scout Tower
16:52 Scout Tower
16:52 Scout Tower
16:53 Scout Tower
16:57 Scout Tower
16:58 Scout Tower
16:58 Scout Tower
16:59 Scout Tower
17:02 Scout Tower
17:03 Scout Tower
17:03 Scout Tower
17:03 Scout Tower
17:05 Scout Tower
17:06 Scout Tower
17:07 Scout Tower
17:07 Scout Tower
17:10 Guard Tower
17:30 Guard Tower
17:34 Guard Tower
17:34 Guard Tower
17:40 Guard Tower
17:40 Guard Tower
17:52 Guard Tower
17:58 Guard Tower
18:00 Scout Tower
18:02 Scout Tower
18:03 Scout Tower
18:03 Scout Tower
18:04 Scout Tower
18:04 Scout Tower
18:16 Guard Tower
19:27 Guard Tower
19:40 Town Hall
19:42 Guard Tower
19:57 Guard Tower
19:58 Scout Tower
20:00 Scout Tower
20:00 Scout Tower
20:01 Scout Tower
20:01 Scout Tower
20:03 Scout Tower
20:08 Arcane Vault
20:12 Scout Tower
20:13 Scout Tower
20:14 Scout Tower
20:14 Scout Tower
20:27 Scout Tower
20:27 Scout Tower
20:28 Scout Tower
20:29 Scout Tower
20:31 Scout Tower
20:31 Scout Tower
20:32 Scout Tower
20:34 Guard Tower
20:55 Guard Tower
20:59 Guard Tower
21:12 Guard Tower
21:19 Scout Tower
21:22 Guard Tower
21:24 Scout Tower
21:25 Scout Tower
21:49 Guard Tower
22:05 Guard Tower
22:06 Scout Tower
22:11 Guard Tower
22:12 Guard Tower
22:36 Guard Tower
22:37 Scout Tower
23:06 Guard Tower
23:10 Guard Tower
23:19 Scout Tower
23:24 Arcane Vault
26:36 Town Hall
26:47 Guard Tower
26:49 Scout Tower
26:50 Scout Tower
26:50 Scout Tower
26:51 Scout Tower
26:52 Scout Tower
26:53 Scout Tower
26:54 Scout Tower
26:54 Scout Tower
26:55 Scout Tower
27:26 Scout Tower
27:26 Scout Tower
27:28 Scout Tower
27:29 Scout Tower
27:30 Scout Tower
27:31 Guard Tower
27:51 Guard Tower
29:03 Scout Tower
29:04 Scout Tower
29:04 Scout Tower
29:06 Guard Tower
29:42 Guard Tower
29:49 Guard Tower
29:52 Scout Tower
29:53 Scout Tower
29:53 Scout Tower
30:53 Guard Tower
33:37 Guard Tower
33:39 Guard Tower
» items
| Scroll of Regeneration | 6 | |
| Scroll of Town Portal | 6 | |
| Lesser Clarity Potion | 1 | |
| Healing Salve | 3 | |
| Orb of Lightning | 3 | |
| Staff of Sanctuary | 3 | |
| Claws of Attack +15 | 1 | |
| Potion of Greater Mana | 1 | |
| Gauntlets of Ogre Strength +3 | 1 | |
| Kelen's Dagger of Escape | 2 | |
| Ring of Protection +5 | 2 | |
| Cloak of Shadows | 2 | |
| Slippers of Agility +3 | 1 | |
| Circlet of Nobility | 1 | |
33 total
butter15 (
orange | 131 APM | 7312 actions | 55:47)
6 Archmage
3 Blizzard
2 Brilliance Aura
1 Mass Teleport
6 Blood Mage
3 Flame Strike
2 Banish
1 Summon Phoenix
7 Mountain King
3 Storm Bolt
2 Bash
2 Avatar
» actions
| Assign group hotkey | 21 | |
| Basic commands | 2 | |
| Build / train | 174 | |
| Enter build submenu | 70 | |
| Enter hero's abilities submenu | 21 | |
| Give item / drop item | 11 | |
| Remove unit from queue | 3 | |
| Right click | 5072 | |
| Select / deselect | 759 | |
| Select group hotkey | 700 | |
| Use ability | 479 | |
7312 total
» units
| Peasant | 24 | |
| Dragonhawk Rider | 11 | |
| Priest | 1 | |
36 total
» upgrades
| Masonry | 3 | |
| Magic Sentry | 1 | |
| Lumber Harvesting | 2 | |
| Cloud | 1 | |
7 total
» buildings
| Altar of Kings | 2 | |
| Farm | 6 | |
| Lumber Mill | 1 | |
| Scout Tower | 133 | |
| Arcane Tower | 10 | |
| Guard Tower | 48 | |
| Keep | 2 | |
| Arcane Vault | 2 | |
| Arcane Sanctum | 1 | |
| Town Hall | 2 | |
| Gryphon Aviary | 2 | |
| Castle | 1 | |
| Blacksmith | 1 | |
| Barracks | 1 | |
212 total
» build order
00:08 Altar of Kings
00:10 Altar of Kings
00:19 Farm
00:40 Lumber Mill
00:50 Scout Tower
01:03 Farm
01:22 Arcane Tower
01:22 Arcane Tower
01:39 Scout Tower
02:05 Scout Tower
02:16 Scout Tower
02:18 Guard Tower
02:19 Guard Tower
02:19 Guard Tower
03:04 Guard Tower
03:05 Scout Tower
03:34 Guard Tower
03:37 Keep
03:37 Keep
03:38 Scout Tower
04:07 Guard Tower
04:08 Scout Tower
04:21 Scout Tower
04:39 Guard Tower
04:39 Guard Tower
04:52 Arcane Vault
04:54 Guard Tower
04:57 Scout Tower
04:58 Scout Tower
04:59 Scout Tower
05:00 Scout Tower
05:05 Scout Tower
05:06 Scout Tower
05:07 Scout Tower
06:08 Guard Tower
06:49 Farm
06:50 Guard Tower
07:10 Arcane Sanctum
07:14 Scout Tower
07:15 Scout Tower
07:15 Scout Tower
07:17 Scout Tower
07:55 Scout Tower
08:01 Guard Tower
08:11 Arcane Tower
08:19 Farm
08:28 Guard Tower
09:13 Town Hall
10:33 Scout Tower
10:34 Scout Tower
10:35 Scout Tower
10:36 Scout Tower
10:37 Scout Tower
10:38 Scout Tower
10:38 Scout Tower
10:40 Scout Tower
10:40 Scout Tower
10:49 Arcane Tower
11:17 Guard Tower
11:23 Guard Tower
11:23 Guard Tower
11:24 Guard Tower
11:24 Guard Tower
11:52 Guard Tower
12:05 Scout Tower
12:06 Scout Tower
12:07 Scout Tower
12:08 Scout Tower
12:08 Scout Tower
12:11 Guard Tower
12:11 Guard Tower
13:05 Arcane Tower
13:06 Guard Tower
13:06 Guard Tower
13:26 Scout Tower
13:27 Scout Tower
13:28 Scout Tower
13:30 Scout Tower
13:30 Scout Tower
13:31 Scout Tower
14:39 Gryphon Aviary
14:39 Gryphon Aviary
14:43 Guard Tower
15:24 Castle
15:27 Guard Tower
15:36 Scout Tower
15:37 Scout Tower
15:38 Scout Tower
15:38 Scout Tower
15:38 Scout Tower
15:39 Scout Tower
15:40 Guard Tower
16:16 Guard Tower
16:18 Scout Tower
16:19 Scout Tower
17:02 Guard Tower
17:03 Guard Tower
17:13 Guard Tower
18:59 Guard Tower
19:39 Scout Tower
19:40 Scout Tower
19:40 Scout Tower
19:41 Scout Tower
19:42 Scout Tower
19:43 Scout Tower
19:43 Scout Tower
19:44 Scout Tower
19:44 Scout Tower
20:16 Guard Tower
20:26 Farm
20:27 Farm
20:36 Arcane Tower
20:42 Town Hall
20:58 Arcane Vault
21:00 Guard Tower
21:03 Scout Tower
21:04 Scout Tower
21:04 Scout Tower
21:05 Scout Tower
21:05 Scout Tower
21:06 Scout Tower
21:06 Scout Tower
21:07 Scout Tower
21:08 Scout Tower
21:08 Scout Tower
21:31 Guard Tower
21:36 Scout Tower
21:36 Scout Tower
21:37 Scout Tower
21:37 Scout Tower
21:38 Scout Tower
21:39 Scout Tower
21:40 Scout Tower
21:40 Scout Tower
21:41 Scout Tower
21:42 Scout Tower
21:43 Scout Tower
21:43 Scout Tower
21:44 Scout Tower
23:19 Guard Tower
23:33 Arcane Tower
23:33 Arcane Tower
23:34 Guard Tower
23:34 Guard Tower
23:34 Guard Tower
27:20 Guard Tower
28:56 Scout Tower
28:56 Scout Tower
28:57 Scout Tower
29:30 Scout Tower
29:31 Scout Tower
29:31 Scout Tower
29:32 Scout Tower
29:32 Scout Tower
29:33 Scout Tower
29:42 Blacksmith
29:43 Barracks
30:02 Guard Tower
31:02 Guard Tower
34:38 Scout Tower
34:39 Scout Tower
34:39 Scout Tower
34:40 Scout Tower
34:40 Scout Tower
34:41 Scout Tower
34:41 Scout Tower
34:42 Scout Tower
34:44 Scout Tower
34:45 Scout Tower
34:46 Scout Tower
34:46 Scout Tower
34:47 Scout Tower
34:47 Scout Tower
34:48 Scout Tower
34:48 Scout Tower
34:49 Scout Tower
34:50 Scout Tower
34:51 Scout Tower
34:51 Scout Tower
34:52 Scout Tower
34:52 Scout Tower
34:53 Scout Tower
35:19 Guard Tower
35:25 Scout Tower
35:26 Scout Tower
35:26 Scout Tower
35:26 Scout Tower
35:27 Scout Tower
35:27 Scout Tower
35:28 Scout Tower
35:29 Scout Tower
35:29 Scout Tower
35:30 Scout Tower
35:31 Scout Tower
35:31 Scout Tower
35:32 Scout Tower
35:33 Scout Tower
35:33 Scout Tower
35:34 Scout Tower
35:34 Scout Tower
35:35 Scout Tower
35:35 Scout Tower
35:36 Scout Tower
35:36 Scout Tower
35:37 Guard Tower
36:28 Guard Tower
36:34 Guard Tower
36:51 Guard Tower
37:05 Guard Tower
37:07 Arcane Tower
38:57 Guard Tower
» items
| Scroll of Regeneration | 4 | |
| Lesser Clarity Potion | 6 | |
| Healing Salve | 3 | |
| Orb of Frost | 3 | |
| Staff of Sanctuary | 3 | |
| Mechanical Critter | 2 | |
| Potion of Healing | 4 | |
| Kelen's Dagger of Escape | 3 | |
| Scroll of Town Portal | 1 | |
| Mana Stone | 2 | |
| Claws of Attack +15 | 6 | |
| Health Stone | 1 | |
38 total
NUTSONYOCHIN.DE (
blue | 89 APM | 4950 actions | 55:47)
10 Blademaster
3 Wind Walk
3 Critical Strike
1 Bladestorm
3 Mirror Image
» actions
| Assign group hotkey | 18 | |
| Basic commands | 13 | |
| Build / train | 77 | |
| ESC pressed | 1 | |
| Enter build submenu | 43 | |
| Enter hero's abilities submenu | 10 | |
| Give item / drop item | 7 | |
| Right click | 3542 | |
| Select / deselect | 311 | |
| Select group hotkey | 697 | |
| Use ability | 229 | |
4950 total
» units
» upgrades
| Ranged Weapons | 3 | |
| Liquid Fire | 1 | |
| Armor | 1 | |
5 total
» buildings
| Altar of Storms | 1 | |
| Orc Burrow | 5 | |
| War Mill | 1 | |
| Voodoo Lounge | 4 | |
| Watch Tower | 31 | |
| Stronghold | 1 | |
| Fortress | 1 | |
| Beastiary | 2 | |
46 total
» build order
00:07 Altar of Storms
00:16 Orc Burrow
00:45 War Mill
01:14 Voodoo Lounge
01:56 Watch Tower
02:20 Watch Tower
02:43 Watch Tower
03:35 Watch Tower
03:36 Watch Tower
04:03 Stronghold
04:29 Watch Tower
04:50 Orc Burrow
05:01 Watch Tower
07:09 Fortress
07:10 Beastiary
07:12 Beastiary
08:00 Watch Tower
08:01 Watch Tower
08:06 Orc Burrow
08:11 Watch Tower
08:18 Watch Tower
08:47 Watch Tower
09:12 Watch Tower
09:36 Voodoo Lounge
09:38 Voodoo Lounge
10:34 Watch Tower
10:35 Watch Tower
11:46 Watch Tower
11:47 Watch Tower
12:04 Orc Burrow
13:50 Watch Tower
13:51 Watch Tower
13:51 Watch Tower
13:52 Watch Tower
15:05 Watch Tower
15:06 Watch Tower
15:06 Watch Tower
15:06 Watch Tower
18:15 Orc Burrow
20:05 Watch Tower
20:06 Watch Tower
20:11 Watch Tower
20:12 Watch Tower
21:15 Watch Tower
22:34 Voodoo Lounge
24:09 Watch Tower
» items
| Healing Salve | 3 | |
| Lesser Clarity Potion | 11 | |
| Scroll of Speed | 1 | |
| Orb of Lightning | 1 | |
| Claws of Attack +6 | 2 | |
| Gloves of Haste | 1 | |
| Slippers of Agility +3 | 1 | |
| Cloak of Shadows | 1 | |
21 total
Chat log
(24:58 / All) butter15: top
(25:00 / All) butter15: tip
(25:01 / All) butter15: towers don't move
(25:05 / All) butter15: you can avoid their attack
(28:37 / All) Fette_Nuss[ToD]: WTF
(28:41 / All) butter15: the last marche of the ent
(30:58 / All) Birdeneering: wie gehts?
(33:51 / All) Fette_Nuss[ToD]: ihr hurensoehene
(39:25 / All) Fette_Nuss[ToD]: ihr koennt nichts
(39:27 / All) Fette_Nuss[ToD]: mass towers wow
(39:29 / All) Fette_Nuss[ToD]: Ihr spastis
(41:57 / All) Style: AHH
(42:02 / All) butter15: lol,
(42:08 / All) butter15: get owne by russia again
(46:07 / All) Ganz.ehrlich-: der damage is krass
(46:51 / All) Birdeneering: :(
(46:52 / All) Birdeneering: warum?
(47:08 / All) Birdeneering: sie haben viel geld?
(48:29 / Allies) butter15: beast, mr.
(48:32 / Allies) butter15: blade, mr.
(50:45 / All) butter15: lol
(52:40 / Allies) butter15: blade, mr.
(55:08 / All) Fette_Nuss[ToD]: leave pls
(55:17 / All) Fette_Nuss[ToD]: u sucks
(55:19 / All) butter15: lmao
(55:19 / All) Fette_Nuss[ToD]: U ruin the game
(55:21 / All) butter15: LMAO
(55:25 / All) butter15: clan towa #1
(55:27 / All) butter15: dial my fone
(55:31 / All) Style: ich geh pennen
(55:34 / All) butter15: 01116478699830
(55:39 / All) Fette_Nuss[ToD]: ihr spastis
(55:43 / All) Fette_Nuss[ToD]: Koennt nichts...
(55:46 / All) NUTSONYOCHIN.DE: hey